 Dungeon Crawl Stone Soup version 0.13-a0-1614-gd69a504 (webtiles) character file.

933 Rorthrar the Shield-Bearer (level 7, -11/59 HPs)
             Began as a Minotaur Fighter on June 16, 2013.
             Mangled by Sigmund
             ... wielding a +2,+1 scythe of distortion
              (25 damage)
             ... on Level 5 of the Dungeon.
             The game lasted 00:34:32 (4372 turns).

Rorthrar the Shield-Bearer (Minotaur Fighter)       Turns: 4372, Time: 00:34:32

HP -11/59        AC 10     Str 20      XL: 7   Next: 35%
MP   2/2         EV  9     Int  5      God:
Gold 249         SH 21     Dex 12      Spells:  0 memorised,  6 levels left

Res.Fire  : . . .   See Invis. : .   w - +2 hammer (drain)
Res.Cold  : . . .   Warding    : .   g - +2 ring mail
Life Prot.: . . .   Conserve   : .   c - +0 shield
Res.Poison: .       Res.Corr.  : .   (helmet restricted)
Res.Elec. : .       Clarity    : .   u - +0 cloak
Sust.Abil.: . .     Spirit.Shd : .   (no gloves)
Res.Mut.  : .       Stasis     : .   v - +0 pair of elf boots
Res.Rott. : .       Flight     : .   (no amulet)
Saprovore : . . .                    (no ring)
                                     (no ring)

@: about to teleport, slightly resistant to hostile enchantments, very
unstealthy
A: retaliatory headbutt, horns 2
a: no special abilities


You were on level 5 of the Dungeon.
You were hungry.

You visited 1 branch of the dungeon, and saw 5 of its levels.

You collected 229 gold pieces.

Inventory:

Hand weapons
 a - a +0,+0 trident
 k - a +0,+0 dagger
 l - a +0,+0 dagger
 m - a -1,+0 orcish dagger
 n - a +1,+0 dagger (quivered)
 t - a +0,+0 elven long sword
 w - a +2,+2 hammer of draining (weapon)
 y - a -1,+0 orcish trident
 A - a +2,+0 elven short sword
 C - a +0,+0 crossbow
 D - a +0,+2 dagger
 G - a +2,+1 trident
 H - a +1,+0 elven dagger
Missiles
 b - a dart of flame
 f - 210 stones
 h - 5 darts
 i - 14 sling bullets
 E - 35 bolts
Armour
 c - a +0 shield (worn)
 g - a +2 ring mail (worn)
 u - a +0 cloak (worn)
 v - a +0 pair of elven boots (worn)
Magical devices
 s - a wand of confusion (20)
 x - a wand of flame (2) {unknown}
Comestibles
 d - 3 bread rations
Scrolls
 q - 2 scrolls of fog
 r - 5 scrolls of remove curse
 F - a scroll of fear {unknown}
Potions
 e - 7 potions of curing
 o - a potion of invisibility {unknown}
 p - 3 potions of heal wounds {unknown}
 z - 2 potions of paralysis {unknown}
Books
 j - a book of Wizardry

   Spells                             Type                      Level
   Summon Elemental                   Summoning                    4
   Agony                              Necromancy                   5
   Lightning Bolt                     Conjuration/Air              5
   Fireball                           Conjuration/Fire             5
   Haste                              Charms                       6
   Invisibility                       Hexes                        6


   Skills:
 + Level 4.3 Fighting
 + Level 0.0 Short Blades
 + Level 0.0 Long Blades
   Level 0.0 Axes
 * Level 1.0 Maces & Flails
 + Level 2.5 Polearms
   Level 0.0 Staves
   Level 0.0 Slings
   Level 0.0 Bows
 + Level 0.0 Crossbows
 + Level 3.4 Throwing
 + Level 5.0 Armour
 + Level 3.7 Dodging
   Level 0.0 Stabbing
 + Level 6.0 Shields
 + Level 1.9 Traps
 + Level 0.0 Unarmed Combat
 + Level 0.0 Spellcasting
   Level 0.0 Conjurations
   Level 0.0 Hexes
   Level 0.0 Charms
   Level 0.0 Summonings
   Level 0.0 Necromancy
   Level 0.0 Translocations
   Level 0.0 Transmutations
   Level 0.0 Fire Magic
   Level 0.0 Ice Magic
   Level 0.0 Air Magic
   Level 0.0 Earth Magic
   Level 0.0 Poison Magic
   Level 0.0 Invocations
 + Level 0.0 Evocations


You had 6 spell levels left.
You didn't know any spells.

Dungeon Overview and Level Annotations

Branches:
Dungeon (5/27)
 Temple: D:4-7

Altars:
Makhleb
Trog

Shops:
D:4: [

Annotations
D:5 Sigmund


Innate Abilities, Weirdness & Mutations

You reflexively headbutt those who attack you in melee.
You have a pair of horns on your head.


Message History

Deactivating autopickup; reactivate with Ctrl-A.
Something tries to affect you, but you resist.
Found a scroll of teleportation.
A bat comes into view.
It hits you.
You barely miss it. The bat hits you but does no damage. It hits you!
Space bends around you. The bat barely misses you.
The bat hits you but does no damage.
You hear some strange, mumbled words.
Something tries to affect you, but you resist.
The bat closely misses you. It hits you but does no damage.
Space warps horribly around you! The bat hits you but does no damage.
Read which item? (? for menu, Esc to quit)
As you read the scroll of teleportation, it crumbles to dust.
You feel strangely unstable. You block the bat's attack. You block its attack.
It hits you.
* * * LOW HITPOINT WARNING * * *
Space warps horribly around you!
You die...

# # # #### #... #.## #
#.## ###.##### # #.##
#....@..#.# #.##
#.?.##..#.# #.##
#..b...{..# ####...
#....#b.### #......
#.##.#..########..##.#
# # #............##..
#.......#########.####
####.####.............
#. .......#.....


You could see a bat.

Vanquished Creatures
  A wyvern (D:5)
  An ice beast (D:5)
  A giant frog skeleton (D:4)
  An ogre (D:5)
  2 crimson imps (D:5)
  Crazy Yiuf (D:3)
  An orc wizard (D:4)
  A scorpion (D:4)
  3 worker ants
  4 gnolls (D:4)
  6 adders
  An inept feature mimic (D:3)
  A worm (D:3)
  A bat skeleton (D:5)
  A giant gecko (D:3)
  7 orcs
  A ball python (D:2)
  13 hobgoblins
  A quokka (D:5)
  8 bats
  3 giant cockroaches
  3 giant newts
  9 goblins
  2 jackals (D:2)
  14 kobolds
  A kobold zombie (D:5)
  An ooze (D:5)
  10 rats
  A fungus (D:3)
100 creatures vanquished.

Notes
Turn   | Place    | Note
--------------------------------------------------------------
     0 | D:1      | Rorthrar, the Minotaur Fighter, began the quest for the Orb.
     0 | D:1      | Reached XP level 1. HP: 19/19 MP: 0/0
   407 | D:1      | Reached XP level 2. HP: 26/26 MP: 0/0
   786 | D:1      | Reached skill level 4 in Armour
  1285 | D:2      | Reached skill level 1 in Throwing
  1538 | D:2      | Reached XP level 3. HP: 33/33 MP: 1/1
  1888 | D:3      | Reached skill level 1 in Traps
  1966 | D:3      | Noticed Crazy Yiuf
  1977 | D:3      | Killed Crazy Yiuf
  1977 | D:3      | Reached skill level 1 in Dodging
  1977 | D:3      | Reached XP level 4. HP: 40/40 MP: 1/1
  2605 | D:3      | Found a bloodstained altar of Trog.
  2813 | D:4      | Reached XP level 5. HP: 46/46 MP: 1/1
  2866 | D:4      | Reached skill level 5 in Shields
  2926 | D:4      | Found Luseazxy's Armour Emporium.
  3022 | D:4      | Found a burning altar of Makhleb.
  3068 | D:4      | Reached XP level 6. HP: 48/53 MP: 2/2
  3587 | D:5      | Entered Level 5 of the Dungeon
  3872 | D:5      | Noticed a wyvern
  3878 | D:5      | Killed a wyvern
  3878 | D:5      | Reached XP level 7. HP: 36/59 MP: 2/2
  3950 | D:5      | Reached skill level 5 in Armour
  4027 | D:5      | Reached skill level 6 in Shields
  4212 | D:5      | Reached skill level 1 in Maces & Flails
  4272 | D:5      | Found a burning altar of Makhleb.
  4272 | D:5      | Noticed a balrug
  4280 | D:5      | Noticed a hellwing
  4280 | D:5      | Noticed a neqoxec
  4363 | D:5      | Noticed Sigmund
  4372 | D:5      | Mangled by Sigmund

Action                   |  1- 3 |  4- 6 |  7- 9 || total
-------------------------+-------+-------+-------++-------
Melee: Trident           |    35 |       |       ||    35
       Whip              |   104 |       |       ||   104
       Hammer            |       |   106 |    27 ||   133
Throw: Stone             |    37 |    44 |     1 ||    82
       Dagger            |       |     6 |     1 ||     7
       Dart              |       |     3 |     1 ||     4
  Use: Scroll            |     8 |    10 |     1 ||    19
       Potion            |       |     1 |       ||     1
